 Dungeon Crawl Stone Soup version 0.28-a0-991-g956f0ee3d5 (webtiles) character file.

Game seed: 3217392970848714058

3459 devnull the Grappler (level 10, -3/90 HPs)
             Began as a Ghoul Gladiator on Dec 5, 2021.
             Was a Follower of Trog.
             Killed by the air
             ... invoked by Gastronok
              (17 damage)
             ... on level 8 of the Dungeon.
             The game lasted 00:28:50 (10729 turns).

devnull the Grappler (Ghoul Gladiator)             Turns: 10729, Time: 00:28:51

Health: -3/90      AC: 11    Str: 21    XL:     10   Next: 6%
Magic:  9/9        EV:  8    Int:  5    God:    Trog [*.....]
Gold:   306        SH:  4    Dex: 10    Spells: 9/9 levels left

rFire   . . .      SeeInvis .     - Unarmed
rCold   + . .      Faith    .   t - +0 buckler
rNeg    + + +      Spirit   .   e - +0 chain mail
rPois   ∞          Reflect  .   b - +0 helmet
rElec   .          Harm     .   (no cloak)
rCorr   .          Rampage  .   (no gloves)
Will    .....                   (no boots)
Stlth   ..........              (no amulet)
HPRegen 0.00/turn               (no ring)
MPRegen 0.11/turn               (no ring)

@: inhibited regen
A: claws 1, cold resistance 1, negative energy resistance 3, inhibited
regeneration, torment resistance 2
a: Renounce Religion


You were on level 8 of the Dungeon.
You worshipped Trog.
Trog was aware of your devotion.
You visited 2 branches of the dungeon, and saw 9 of its levels.

You collected 306 gold pieces.

Inventory:

Missiles
 c - 4 throwing nets (quivered)
 h - 6 poisoned darts
 w - 4 datura-tipped darts
Armour
 b - a +0 helmet (worn)
 e - a +0 chain mail (worn)
 t - a +0 buckler (worn)
Jewellery
 u - a ring of magical power
Wands
 g - a wand of mindburst (4)
Scrolls
 j - 2 scrolls of immolation
 k - a scroll of enchant armour
 n - 2 scrolls of vulnerability
 o - 2 scrolls of fear
 p - a scroll of torment {unknown}
 q - a scroll of enchant weapon {unknown}
 s - a scroll of acquirement {unknown}
 v - 2 scrolls of teleportation {unknown}
 x - a scroll of magic mapping {unknown}
Potions
 a - 2 potions of lignification {unknown}
 d - a potion of invisibility {unknown}
 f - a potion of mutation {unknown}
 i - 6 potions of flight
 l - a potion of brilliance {unknown}
 m - a potion of attraction {unknown}
 r - 2 potions of degeneration {unknown}
 z - a potion of magic {unknown}
 A - a potion of ambrosia {unknown}
 B - 2 potions of curing
 C - a potion of cancellation {unknown}
 D - a potion of haste {unknown}


   Skills:
 + Level 8.7 Fighting
 - Level 1.7 Throwing
 + Level 6.9 Armour
 - Level 2.6 Dodging
 - Level 4.0 Shields
 + Level 9.0 Unarmed Combat


You had 9 spell levels left.
You didn't know any spells.
Your spell library contained the following spells:

 Spells                   Type           Power      Damage    Failure   Level
 Animate Skeleton         Necr           0%         N/A       99%         1
 Magic Dart               Conj           0%         1d3       99%         1
 Pain                     Necr           0%         1d4       99%         1
 Shock                    Conj/Air       0%         1d3       99%         1
 Summon Small Mammal      Summ           0%         N/A       99%         1
 Call Imp                 Summ           0%         N/A       99%         2
 Static Discharge         Conj/Air       0%         N/A       99%         2
 Call Canine Familiar     Summ           0%         N/A       100%        3
 Dazzling Flash           Conj/Hex       0%         N/A       100%        3
 Mephitic Cloud           Conj/Pois/Air  0%         N/A       100%        3
 Summon Guardian Golem    Hex/Summ       0%         N/A       100%        3
 Swiftness                Air            0%         N/A       100%        3
 Vampiric Draining        Necr           0%         2d6       100%        3
 Airstrike                Air            0%         N/A       100%        4
 Iskenderun's Mystic Bla  Conj/Tloc      0%         2d3       100%        4
 Lightning Bolt           Conj/Air       0%         1d11      100%        5
 Starburst                Conj/Fire      0%         6d3       100%        6
 Maxwell's Capacitive Co  Air            0%         ∞         100%        8


Dungeon Overview and Level Annotations

Branches:
Dungeon (8/15)             Temple (1/1) D:7
   Lair: D:8-11

Altars:
Ashenzari
Cheibriados
Dithmenos
Elyvilon
Fedhas
Gozag
Hepliaklqana
Kikubaaqudgha
Makhleb
Nemelex Xobeh
Okawaru
Qazlal
Ru
Sif Muna
Trog
Uskayaw
Vehumet
Xom
Yredelemnul
Zin
The Shining One

Shops:
D:7 :

Annotations:
D:8 Gastronok


Innate Abilities, Weirdness & Mutations

You thrive by killing the living.
You are immune to poison.
You have sharp fingernails.
Your flesh is cold resistant. (rC+)
You are immune to negative energy. (rN+++)
You do not regenerate when monsters are visible.
You are immune to unholy pain and torment.


Message History

The troll claws you!
You closely miss the troll. You barely miss the troll.
The troll barely misses you. The troll claws you! x2
You closely miss the troll. The troll closely misses you. The troll claws you!
The troll claws you but does no damage.
You are too injured to fight recklessly!
You are too injured to fight recklessly!
You are too injured to fight recklessly!
You closely miss the troll. The troll bites you!
The troll claws you but does no damage. The troll claws you.
There is an open door here.
You barely miss the troll. The troll bites you but does no damage.
The troll claws you but does no damage. The troll claws you!
* * * LOW HITPOINT WARNING * * *
You scratch the troll but do no damage. The troll bites you but does no damage.
The troll claws you but does no damage. x2
The kobold brigand throws a curare-tipped dart.
The curare-tipped dart hits you.
The vampire mosquito bites you but does no damage.
The vampire mosquito bites you!
* * * LOW HITPOINT WARNING * * *
Gastronok gurgles horribly!
The vampire mosquito bites you.
* * * LOW HITPOINT WARNING * * *
There is a shaft here.
The vampire mosquito is sucked into a shaft!
The shaft crumbles and collapses.
Okay, then.
Okay, then.
Unknown command.
Unknown command.
Okay, then.
Okay, then.
As you read the scroll of fear, it crumbles to dust.
You assume a fearsome visage.
The troll looks frightened!
Gastronok resists with almost no effort.
The troll prays for help.
Gastronok waves his eye-stalks in wide circles.
The air twists around and strikes you!
You die...

..#.#.# #.............# ..###.#
#.............# .....K#
####......##.##### .###K#
###..#.......#.## #.#y#
###.##.#..........# ##.##.#
###..T.#.#.....###..#
.###..###......#.#......##..##
...###'....##K.K.#......##...####
.....####K.K...#@#......##.#.#...
........###....#.#.........#....<
w...##....###[##.#...........)..(
............###.w#.....##........
..............###[....####.......
............#..)...#### #>......
.....>........###### ####....
........#..)..# #.....
###......<)...## #.....


You could see Gastronok, a troll (fleeing), a kobold brigand and a kobold.

Vanquished Creatures
  Pikel (D:7)
  A troll (D:7)
  2 wyverns
  3 water moccasins
  A sky beast (D:6)
  3 ice beasts
  A black bear (D:4)
  An ogre (D:4)
  2 necrophages
  2 lemures
  A phantom (D:6)
  A kobold brigand (D:8)
  A scorpion (D:7)
  A water moccasin zombie (D:6)
  4 wights (D:8)
  A howler monkey (D:4)
  3 bullfrog zombies
  2 centaur zombies
  A jelly (D:5)
  A bullfrog skeleton (D:5)
  4 orc priests
  2 iguanas
  10 orc wizards
  2 hound skeletons (D:5)
  7 gnolls
  9 adders
  A shadow imp (D:7)
  A white imp (D:7)
  A dart slug (D:1)
  22 orcs
  4 endoplasms
  6 giant cockroaches
  3 hobgoblins
  3 jackals (D:1)
  A quokka (D:4)
  10 ball pythons
  3 bats (D:2)
  5 frilled lizards
  5 goblins
  11 kobolds
  2 rats (D:2)
145 creatures vanquished.

Vanquished Creatures (collateral kills)
  A wyvern zombie (D:7)
1 creature vanquished.

Vanquished Creatures (others)
  5 dream sheep (D:5)
  An orc wizard (D:5)
  16 plants (D:2)
22 creatures vanquished.

Grand Total: 168 creatures vanquished

Notes
Turn   | Place    | Note
-------+----------+-------------------------------------------
     0 | D:1      | devnull the Ghoul Gladiator began the quest for the Orb.
     0 | D:1      | Reached XP level 1. HP: 17/17 MP: 0/0
   291 | D:1      | Found a faded altar of an unknown god.
   364 | D:1      | Reached XP level 2. HP: 14/25 MP: 1/1
   834 | D:1      | Reached skill level 1 in Armour
  1296 | D:2      | Reached XP level 3. HP: 30/30 MP: 2/2
  1459 | D:1      | HP: 1/30 [gnoll (3)]
  1955 | D:2      | Reached skill level 4 in Unarmed Combat
  1955 | D:2      | Reached XP level 4. HP: 37/38 MP: 3/3
  2850 | D:3      | Reached XP level 5. HP: 45/45 MP: 4/4
  2926 | D:3      | Found a sacrificial altar of Ru.
  4195 | D:4      | Reached XP level 6. HP: 51/52 MP: 5/5
  4350 | D:4      | Noticed a black bear
  4363 | D:4      | Killed a black bear
  4364 | D:4      | Reached skill level 5 in Unarmed Combat
  4970 | D:4      | Reached XP level 7. HP: 56/60 MP: 6/6
  4994 | D:5      | Entered Level 5 of the Dungeon
  5114 | D:4      | Reached skill level 5 in Fighting
  5167 | D:4      | Reached skill level 1 in Shields
  5423 | D:5      | Noticed a wyvern
  5434 | D:5      | Killed a wyvern
  5714 | D:5      | Noticed a dream sheep
  5714 | D:5      | Noticed a dream sheep
  5714 | D:5      | Noticed a dream sheep
  5714 | D:5      | Noticed a dream sheep
  5714 | D:5      | Noticed a dream sheep
  5714 | D:5      | Found a shimmering altar of Xom.
  5719 | D:5      | Killed a dream sheep
  5719 | D:5      | Killed a dream sheep
  5719 | D:5      | Killed a dream sheep
  5720 | D:5      | Killed a dream sheep
  5720 | D:5      | Killed a dream sheep
  5922 | D:5      | Reached skill level 6 in Unarmed Combat
  5922 | D:5      | Reached XP level 8. HP: 69/69 MP: 7/7
  7263 | D:6      | Reached skill level 5 in Armour
  7537 | D:7      | Found Meconil's Book Shop.
  7561 | D:7      | Reached skill level 7 in Unarmed Combat
  7561 | D:7      | Reached XP level 9. HP: 78/78 MP: 8/8
  7574 | D:7      | Found a staircase to the Ecumenical Temple.
  7649 | D:7      | Found a hazy altar of Hepliaklqana.
  7660 | Temple   | Entered the Ecumenical Temple
  7808 | Temple   | Became a worshipper of Trog the Wrathful
  8351 | D:7      | Found an iron altar of Okawaru.
  8385 | D:7      | Noticed a troll
  8390 | D:7      | Killed a troll
  8865 | D:7      | Found a blossoming altar of Fedhas.
  8873 | D:7      | Reached skill level 8 in Unarmed Combat
  9062 | D:8      | Noticed Pikel
  9100 | D:7      | Killed Pikel
  9263 | D:8      | Noticed Gastronok
  9501 | D:7      | Reached * piety under Trog
  9838 | D:8      | Reached XP level 10. HP: 9/90 MP: 9/9
 10600 | D:8      | Reached skill level 9 in Unarmed Combat
 10729 | D:8      | Killed from afar by Gastronok

Illustrated notes

Levels and vault maps discovered:
D:1:      shiori_arrival_elements, layout_basic, basic_ecumenical_altar
D:2:      layout_loops_corners, nicolae_grassy_gnolls
D:3:      layout_basic, hangedman_ru_absence
D:4:      layout_gridville, kennysheep_boxes
D:5:      layout_basic, kb_xom_exploding_sheep
D:6:      layout_basic, minmay_misc_feat_five, hangedman_decor_lopped
D:7:      layout_gridville, fedhas_altar_4, okawaru_gym_becter,
          nicolae_overflow_hidden_temple, temple_statues, serial_shops,
          kennysheep_little_box
D:8:      minmay_the_grid_triangle_9x9_rhombus_thin
          [minmay_the_grid_triangle_9x9_warning,
          minmay_the_grid_triangle_9x9_prize_insulated,
          minmay_the_grid_triangle_9x9_dagger,
          minmay_the_grid_triangle_9x9_skeleton], layout_rooms,
          minmay_misc_feat_hallway, chequers_mini_garden, uniq_gastronok,
          uniq_pikel
Temple:   regret_index_temple_sphere_string

Skill      XL: |  1  2  3  4  5  6  7  8  9 10 |
---------------+-------------------------------+-----
Armour         | 1 2 3 4 5 6 |  6.9
Fighting       | 3 4 5 6 8 |  8.7
Unarmed Combat | 4 5 6 7 8 9 |  9.0
Shields        | 2 4 |  4.0
Throwing       | |  1.7
Dodging        | |  2.6

Action                   |  1- 3 |  4- 6 |  7- 9 | 10-12 || total
-------------------------+-------+-------+-------+-------++-------
Melee: Unarmed           |    88 |   156 |   345 |    52 ||   641
       Punch             |     1 |     3 |       |       ||     4
Throw: Throwing net      |     2 |       |       |       ||     2
       Dart              |       |       |     6 |       ||     6
Evoke: Wand              |       |       |    24 |       ||    24
  Use: Scroll            |       |     2 |    10 |     2 ||    14
Armor: Leather armour    |    11 |       |       |       ||    11
       Scale mail        |    12 |    34 |       |       ||    46
       Chain mail        |       |    26 |   215 |    22 ||   263
Dodge: Dodged            |    49 |    82 |   103 |    17 ||   251
Block: Buckler           |       |       |    41 |     2 ||    43

Table legend: (Time is in decaauts)
 A = Elapsed time spent in this place.
 B = Non-inter-level travel time spent in this place.
 C = Inter-level travel time spent in this place.
 D = Time resting spent in this place.
 E = Time spent auto-exploring this place.
 F = Levels seen in this place.
 G = Mean time per level.
                   A        B        C        D        E       F      G
               +--------+--------+--------+--------+--------+-----+--------+
         Total |  10729 |  10361 |    368 |   2155 |   6503 |   9 | 1192.1 |
       Dungeon |  10567 |  10223 |    344 |   2155 |   6380 |   8 | 1320.9 |
        Temple |    161 |    137 |     24 |      0 |    123 |   1 |  161.0 |
               +--------+--------+--------+--------+--------+-----+--------+

Top non-repeatable levels by time:
     D:7: 2543 daAuts
     D:1: 1528 daAuts
     D:2: 1354 daAuts
     D:4: 1244 daAuts
     D:5: 1233 daAuts
     D:3: 1210 daAuts
     D:6: 862 daAuts
     D:8: 590 daAuts
  Temple: 161 daAuts
